AoeStats
← TheQuietRiot

Arabia

508748800Analyzed
1v1 RM · 8d ago on Sep 23, 2026· 29m 4s· 2 players
Game mode
Random Map
Map size
Tiny (2 player)
Population
200
Speed
Normal
Resources
Standard
Victory
Conquest
Starting age
Dark Age
Ending age
Imperial Age
RankedLock teamsTeams togetherTeam positionsShared explorationLock speedFull tech treeHidden civsTurbo modeCheats
Victory
Defeat
🇦🇷 Celts · Argentina
965
+17
🇬🇧 Saxons · United Kingdom
989
-17
t0lu
11:55 Feudal Age
12:42 Horse Collar
12:49 Double-Bit Axe
12:27 Man-at-Arms
14:56 Loom
18:27 Wheelbarrow
17:43 Arson
18:02 Scale Mail Armor
23:05 Castle Age
23:29 Long Swordsman
23:55 Gambesons
24:51 Chain Mail Armor
24:48 Forging
25:06 Heavy Plow
25:21 Bow Saw
TheQuietRiot
10:32 Feudal Age
8:50 Loom
12:10 Double-Bit Axe
12:07 Horse Collar
13:08 Man-at-Arms
22:23 Castle Age
23:24 Stone Mining
25:25 Forging
26:10 Scale Mail Armor
28:38 Iron Casting
Connection lost

Rejoining the realm…

Still unreachable

The connection could not be restored.

Session expired

The server has moved on; the page needs a fresh start.